 Dungeon Crawl Stone Soup version 0.27.1-33-g824d729ab1 (webtiles) character file.

Game seed: 3397040976325487068

893 DoubleLucky the Ruffian (level 7, -5/67 HPs)
             Began as a Troll Fighter on Dec 2, 2021.
             Was an Initiate of Qazlal.
             Slain by a water moccasin (6 damage)
             ... on level 5 of the Dungeon.
             The game lasted 00:29:45 (3663 turns).

DoubleLucky the Ruffian (Troll Fighter)             Turns: 3663, Time: 00:29:46

Health: -5/67      AC: -3    Str: 26    XL:     7   Next: 78%
Magic:  6/6        EV: 14    Int:  5    God:    Qazlal [......]
Gold:   182        SH:  0    Dex:  9    Spells: 6/6 levels left

rFire    . . .     SeeInvis .     - Unarmed
rCold    . . .     Faith    .   (no shield)
rNeg     . . .     Spirit   .   a - +0 robe
rPois    .         Reflect  .   (helmet restricted)
rElec    .         Harm     .   (no cloak)
rCorr    .         Rampage  .   (gloves unavailable)
Will     .....                  (boots unavailable)
Stlth    +.........             (no amulet)
HPRegen  1.21/turn              y - +4 ring of evasion
MPRegen  0.10/turn              d - +4 ring of slaying

@: brilliant, lethally poisoned (-5 -> -16), corroded, hasted, very quick
A: large, unfitting armour, claws 3, regeneration 1, shaggy fur 1, tough skin 1
a: Renounce Religion


You were on level 5 of the Dungeon.
You worshipped Qazlal.
Qazlal was noncommittal.
You visited 2 branches of the dungeon, and saw 6 of its levels.

You collected 182 gold pieces.

Inventory:

Hand Weapons
 v - a +7 club
Missiles
 g - 191 stones
 t - 24 poisoned darts (quivered)
Armour
 a - a +0 robe (worn)
 b - a +0 kite shield
Jewellery
 d - a +4 ring of slaying (right claw)
 k - a ring of resist corrosion
 w - a ring of magical power
 y - a +4 ring of evasion (left claw)
 C - a ring of flight
Wands
 z - a wand of flame (11)
 D - a wand of paralysis (12)
Scrolls
 h - a scroll of enchant weapon
 n - a scroll of teleportation
 o - a scroll of magic mapping {unknown}
 q - a scroll of fear {unknown}
 r - a scroll of fog {unknown}
 x - a scroll of enchant armour {unknown}
 A - a scroll of silence {unknown}
 B - a scroll of acquirement {unknown}
Potions
 c - a potion of might
 e - a potion of mutation {unknown}
 f - a potion of heal wounds {unknown}
 i - 3 potions of flight
 j - 3 potions of attraction
 l - 2 potions of invisibility {unknown}
 m - 2 potions of curing {unknown}
 p - a potion of cancellation {unknown}
 s - 2 potions of brilliance


   Skills:
 + Level 3.5 Fighting
 + Level 1.1 Throwing
 + Level 2.3 Armour
 + Level 3.5 Dodging
 + Level 3.5 Shields
 + Level 6.3 Unarmed Combat


You had 6 spell levels left.
You didn't know any spells.
Your spell library contained the following spells:

 Spells                   Type           Power      Damage    Failure   Level
 Magic Dart               Conj           0%         1d3       47%         1
 Call Imp                 Summ           0%         N/A       63%         2
 Slow                     Hex            0%         N/A       63%         2
 Confusing Touch          Hex            0%         N/A       85%         3
 Conjure Flame            Conj/Fire      0%         6-21      85%         3
 Ignite Poison            Fire/Tmut/Pois 0%         N/A       85%         3
 Inner Flame              Hex/Fire       0%         N/A       85%         3
 Mephitic Cloud           Conj/Pois/Air  0%         N/A       85%         3
 Ozocubu's Armour         Ice            0%         N/A       85%         3
 Cause Fear               Hex            0%         N/A       99%         4
 Fulminant Prism          Conj/Hex       0%         3d6       99%         4
 Ice Form                 Ice/Tmut       0%         N/A       99%         4
 Sticky Flame             Conj/Fire      0%         2d3       99%         4
 Bolt of Magma            Conj/Fire/Erth 0%         4d4       100%        5
 Yara's Violent Unravell  Hex/Tmut       0%         3d3       100%        5
 Ozocubu's Refrigeration  Ice            0%         4d5       100%        7
 Discord                  Hex            0%         N/A       100%        8
 Polar Vortex             Ice            0%         N/A       100%        9


Dungeon Overview and Level Annotations

Branches:
Dungeon (5/15)             Temple (1/1) D:5

Altars:
Ashenzari
Dithmenos
Elyvilon
Gozag
Makhleb
Okawaru
Qazlal
Trog
Uskayaw
Vehumet
Xom
Yredelemnul
The Shining One

Shops:
D:3 [

Annotations:
D:4 2 transporters


Innate Abilities, Weirdness & Mutations

You are too large for most types of armour.
You have claws for hands.
Your natural rate of healing is unusually fast.
You are covered in fur. (AC +1)
You have tough skin. (AC +1)


Message History

The water moccasin closely misses you.
You barely miss the water moccasin.
The water moccasin is moderately wounded.
You feel sick. The water moccasin barely misses you.
You closely miss the water moccasin.
The water moccasin is moderately wounded.
You feel sick. The water moccasin bites you.
You are more poisoned.
The water moccasin poisons you!
You completely miss the water moccasin. Your claw misses the water moccasin.
The water moccasin is moderately wounded.
You feel very sick. The water moccasin misses you.
The water moccasin bites you.
You completely miss the water moccasin.
The water moccasin is moderately wounded.
You feel very sick. The water moccasin bites you!
You are more poisoned.
The water moccasin poisons you!
You barely miss the water moccasin.
The water moccasin is moderately wounded.
You feel very sick. The water moccasin barely misses you.
You feel yourself speed up.
You feel very sick. The water moccasin bites you!
* * * LOW HITPOINT WARNING * * *
The water moccasin completely misses you.
You closely miss the water moccasin.
The water moccasin is moderately wounded.
You feel sick. The water moccasin bites you!
* * * LOW HITPOINT WARNING * * *
You are more poisoned.
The water moccasin poisons you!
It was a potion of brilliance.
You feel clever all of a sudden.
* * * LOW HITPOINT WARNING * * *
You feel very sick. The water moccasin bites you.
You die...

# ####... #.# #.# #...#).
#..# #.##########...#.#
... ....(.....)....... ..
#.#......†##...#.#
#.##.#.......##...#.#
#..#.#.......##...#.#
#[#.##.#S#.......##...#.#
#.(.(((.@#.......######
.(#.###.##.......####
#^.................
#####..#.......####
##.#.......# #..#####.##
##.# .# #.. .# ##.# #


You could see a water moccasin.

Vanquished Creatures
  A black bear (D:4)
  2 ogres
  A phantom (D:4)
  A kobold brigand (D:5)
  A gnoll sergeant (D:4)
  A scorpion (D:4)
  A jelly (D:5)
  Jessica (D:3)
  An orc wizard (D:3)
  A scorpion zombie (D:5)
  Robin (D:4)
  A howler monkey skeleton (D:5)
  11 gnolls
  3 adders
  2 ufetubi
  3 worms
  3 dart slugs
  6 orcs
  8 bats
  10 endoplasms
  4 giant cockroaches
  13 goblins
  7 hobgoblins
  4 jackals (D:4)
  2 quokkas
  2 ball pythons (D:3)
  10 kobolds
  4 rats
105 creatures vanquished.

Notes
Turn   | Place    | Note
-------+----------+-------------------------------------------
     0 | D:1      | DoubleLucky the Troll Fighter began the quest for the Orb.
     0 | D:1      | Reached XP level 1. HP: 22/22 MP: 0/0
   191 | D:1      | Reached XP level 2. HP: 29/29 MP: 1/1
   382 | D:1      | Reached skill level 3 in Unarmed Combat
  1016 | D:2      | Reached XP level 3. HP: 32/36 MP: 2/2
  1105 | D:2      | Reached skill level 4 in Unarmed Combat
  1113 | D:2      | Reached XP level 4. HP: 39/44 MP: 3/3
  1140 | D:2      | Got the Grimoire of the Weasel
  1657 | D:3      | Reached skill level 5 in Unarmed Combat
  1685 | D:3      | Reached XP level 5. HP: 46/50 MP: 4/4
  1954 | D:3      | Noticed Jessica
  1963 | D:3      | Killed Jessica
  2306 | D:3      | Found Panom's Armour Emporium.
  2454 | D:4      | Noticed Robin
  2560 | D:4      | Reached skill level 1 in Armour
  2560 | D:4      | Reached XP level 6. HP: 35/59 MP: 5/5
  2561 | D:4      | Killed Robin
  2622 | D:4      | Found a transporter.
  2667 | D:4      | Found a transporter.
  2814 | D:4      | Reached XP level 7. HP: 67/67 MP: 6/6
  2848 | D:4      | Reached skill level 6 in Unarmed Combat
  3143 | D:5      | Entered Level 5 of the Dungeon
  3173 | D:5      | Found a staircase to the Ecumenical Temple.
  3195 | Temple   | Entered the Ecumenical Temple
  3527 | Temple   | Became a worshipper of Qazlal Stormbringer
  3612 | D:5      | Reached skill level 1 in Throwing
  3663 | D:5      | HP: 1/67 [poisoned by a water moccasin]
  3663 | D:5      | Slain by a water moccasin

Illustrated notes

Levels and vault maps discovered:
D:1:      saegor_arrival_simple_d, layout_basic, lemuel_another_geyser
D:2:      minmay_evil_eye, layout_rooms
D:3:      layout_basic, serial_shops, shop, uniq_jessica
D:4:      gammafunk_steamed_eel, layout_basic, uniq_robin
D:5:      old_forge, layout_basic, mainiacjoe_overflow_alcove_3,
          minmay_temple_entry_crystal_x, uniq_duvessa
Temple:   oiseaux_autumnal_temple

Skill      XL: |  1  2  3  4  5  6  7 |
---------------+----------------------+-----
Unarmed Combat | 3 4 5 6 |  6.3
Armour         | 1 2 |  2.3
Shields        | 3 |  3.5
Fighting       | 3 |  3.5
Dodging        | 3 |  3.5
Throwing       | 1 |  1.1

Action                   |  1- 3 |  4- 6 |  7- 9 || total
-------------------------+-------+-------+-------++-------
Melee: Unarmed           |    63 |   116 |    53 ||   232
       Punch             |     3 |     4 |     2 ||     9
Throw: Dart              |    49 |    27 |    10 ||    86
       Stone             |     4 |    28 |     9 ||    41
Evoke: Wand              |       |       |     5 ||     5
  Use: Scroll            |       |     4 |       ||     4
       Potion            |       |       |     2 ||     2
 Stab: Sleeping          |     1 |       |       ||     1
Armor: Robe              |    19 |    28 |     4 ||    51
Dodge: Dodged            |    37 |    47 |    28 ||   112
